 Dungeon Crawl Stone Soup version 0.30.1-4-g462c640d31 (webtiles) character file.

Game seed: 3954920557847045210

297 Logoto the Firebug (level 6, -10/47 HPs)
             Began as a Draconian Fire Elementalist on Aug 17, 2023.
             Mangled by an ogre
             ... wielding a +0 giant club
              (22 damage)
             ... on level 3 of the Dungeon.
             The game lasted 00:12:01 (3106 turns).

Logoto the Firebug (Draconian Fire Elementalist)    Turns: 3106, Time: 00:12:02

Health: -10/47     AC:  7    Str: 12    XL:     6   Next: 12%
Magic:  9/11       EV: 12    Int: 15    God:
Gold:   98         SH:  0    Dex: 12    Spells: 8/11 levels left

rFire   . . .        s - +2 mace (protect)
rCold   . . .        (no shield)
rNeg    . . .        (body armour unavailable)
rPois   .            (helmet restricted)
rElec   .            (no cloak)
rCorr   .            b - +0 pair of gloves
SInv    .            (no boots)
Will    .....        (no amulet)
Stlth   ++           (no ring)
HPRegen 0.27/turn    (no ring)
MPRegen 0.12/turn

%: no passive effects
@: no status effects
A: AC +6, unfitting armour, cold-blooded
a: no special abilities


You were on level 3 of the Dungeon.
You visited 1 branch of the dungeon, and saw 4 of its levels.

You collected 98 gold pieces.

Inventory:

Hand Weapons
 f - a +0 whip
 p - a +2 short sword of electrocution
 s - a +2 mace of protection (weapon)
Armour
 b - a +0 pair of gloves (worn)
Magical Staves
 m - a staff of fire
Scrolls
 d - a scroll of butterflies {unknown}
 e - a scroll of immolation {unknown}
 g - a scroll of brand weapon {unknown}
 i - a scroll of blinking {unknown}
 n - a scroll of teleportation {unknown}
 o - 2 scrolls of identify {unknown}
 r - a scroll of noise {unknown}
Potions
 a - a potion of magic
 c - a potion of attraction {unknown}
 h - a potion of curing {unknown}
 j - 2 potions of lignification {unknown}
 k - a potion of brilliance {unknown}
 l - a potion of berserk rage {unknown}
 q - a potion of heal wounds {unknown}


   Skills:
 + Level 1.2 Fighting
 + Level 0.2 Short Blades
 + Level 2.0 Maces & Flails
 + Level 2.5 Dodging
 + Level 2.6 Stealth
 + Level 0.3 Unarmed Combat
 + Level 3.3 Spellcasting
 + Level 1.6 Conjurations
 + Level 4.3 Fire Magic


You had 8 spell levels left.
You knew the following spells:

 Your Spells              Type           Power      Damage    Failure   Level
a - Foxfire               Conj/Fire      44%        2x1d6     6%          1
b - Scorch                Fire           30%        2d6       4%          2

Your spell library contained the following spells:

 Spells                   Type           Power      Damage    Failure   Level
 Inner Flame              Hex/Fire       9%         N/A       24%         3
 Volatile Blastmotes      Fire/Tloc      18%        2d11      24%         3
 Flame Wave               Conj/Fire      11%        2d6       50%         4


Dungeon Overview and Level Annotations

Branches:
Dungeon (4/15)
 Temple: D:4-7

Altars:
Xom

Annotations:
D:3 3 runed translucent doors, spardeous's ghost, weakling DgCj


Innate Abilities, Weirdness & Mutations

Your plain brown scales are hard. (AC +6)
You cannot fit into any form of body armour.
You are cold-blooded and may be slowed by cold attacks.


Message History

Flames lash the adder.
The adder is almost dead.
The adder's fire resistance burns away.
The adder barely misses you.
Casting: Scorch (safe; 4% risk of failure)
Confirm with . or Enter, or press ? or * to list all spells.
Flames lash the adder.
The adder is burned terribly!
You kill the adder!
Your Maces & Flails skill increases to level 2!
You start resting.
HP restored.
You start resting.
Spardeous's ghost mispronounces a nearly unspeakable incantation.
Spardeous's ghost shouts, "You must not succeed where I failed!"
Magic restored.
You climb downwards.
The ogre hits you with a +0 giant club! The sleepcap releases spores at you.
The ball python bites you. The ball python barely misses you.
The ball python bites you but does no damage.
The ball python grabs you. The ball python constricts you.
The sleepcap barely misses you.
There is a stone staircase leading up here.
You escape the ball python's grasp.
The ogre barely misses you. The sleepcap closely misses you.
You climb upwards.
Level annotation: 3 runed translucent doors, spardeous's ghost, weakling DgCj
There is a stone staircase leading down here.
Casting: Scorch (safe; 4% risk of failure)
Confirm with . or Enter, or press ? or * to list all spells.
Flames lash the ogre.
The ogre is moderately wounded.
The ogre's fire resistance burns away.
The ball python completely misses you. The ball python closely misses you.
The ogre hits you with a +0 giant club!
The sleepcap releases spores at you but does no damage.
The orc shouts noisily.
The ball python barely misses you. The ball python closely misses you.
The sleepcap releases spores at you. The sleepcap attacks as you move away!
The sleepcap releases spores at you.
* * * LOW HITPOINT WARNING * * *
The ogre hits you with a +0 giant club!!
You die...

.# #.....#......### #....... .#
#...###....)...### #.......
.###...##.......#...# #.......
.)......#.####......### #...(...
..................#...####.......
..........#####.........##.......
..).(....#........#..............
...............########.........>
...#............@.S...##.........
...#..#..[..#.#..Of..............
......##..#............#.........
#.....<..........................
########...8.............8.......
#<..######+++########.....
#...#....o.Woooo..# #.#... #####
#...#....#####oo..###.#... ....#
#...#.###..o..###.##..##..


You could see an ogre (combustible), a sleepcap, spardeous's ghost, 7 orcs and a
ball python.

Vanquished Creatures
  Sigmund (D:3)
  5 adders
  3 worms (D:2)
  3 dart slugs
  6 orcs
  8 bats
  5 endoplasms (D:1)
  3 giant cockroaches
  6 goblins
  5 hobgoblins
  6 jackals (D:2)
  5 kobolds
  2 quokkas (D:2)
  5 ball pythons
  2 frilled lizards (D:1)
  5 rats
  A butterfly (D:3)
71 creatures vanquished.

Vanquished Creatures (others)
  77 foxfires
77 creatures vanquished.

Grand Total: 148 creatures vanquished

Notes
Turn   | Place    | Note
-------+----------+-------------------------------------------
     0 | D:1      | Logoto the Draconian Fire Elementalist began the quest for
                  | the Orb.
     0 | D:1      | Reached XP level 1. HP: 14/14 MP: 3/3
   151 | D:1      | Reached XP level 2. HP: 20/20 MP: 1/5
   194 | D:1      | Learned a level 2 spell: Scorch
  1119 | D:2      | Reached XP level 3. HP: 26/26 MP: 4/6
  1363 | D:2      | Noticed a scorpion
  1723 | D:2      | Reached XP level 4. HP: 34/34 MP: 7/7
  2296 | D:3      | Found a runed translucent gate.
  2297 | D:3      | Found a runed translucent gate.
  2298 | D:3      | Found a runed translucent gate.
  2505 | D:3      | Found a shimmering altar of Xom.
  2548 | D:3      | Noticed Sigmund
  2687 | D:3      | Noticed spardeous's ghost (weakling DgCj)
  2690 | D:3      | Identified the +9 whip of Punishment {freeze, Fly}
  2690 | D:3      | Identified the +14 chain mail of the Bells {Harm rPois rN++
                  | Stlth-}
  2880 | D:3      | Killed Sigmund
  2881 | D:3      | Reached skill level 1 in Fighting
  2881 | D:3      | Reached skill level 1 in Maces & Flails
  2881 | D:3      | Reached skill level 4 in Fire Magic
  2881 | D:3      | Reached XP level 5. HP: 40/40 MP: 3/10
  2881 | D:3      | Reached XP level 6. HP: 47/47 MP: 3/11
  3106 | D:3      | Mangled by an ogre

Illustrated notes

Levels and vault maps discovered:
D:1:      scummos_arrival_simple_crosswalls, layout_basic
D:2:      minmay_angry_zag, layout_basic, serial_glass, glass_columns_a,
          glass_columns_a, lightli_corner_chamber
D:3:      layout_rooms, xom_butterflies, biasface_ghost_orc_armoury,
          uniq_sigmund
D:4:      layout_basic, fedhas_altar_fruit_tree,
          nicolae_wu_jian_immortal_techniques, st_stairs_2, uniq_eustachio,
          uniq_robin, uniq_natasha, uniq_blork_the_orc

Skill      XL: |  1  2  3  4  5  6 |
---------------+-------------------+-----
Stealth        | 2 |  2.6
Dodging        | 2 |  2.5
Fighting       | 1 |  1.2
Maces & Flails | 1 2 |  2.0
Spellcasting   | 3 |  3.3
Fire Magic     | 4 |  4.3
Short Blades   | |  0.2
Unarmed Combat | |  0.3
Conjurations   | |  1.6

Action                     |  1- 3 |  4- 6 || total
---------------------------+-------+-------++-------
  Melee: Unarmed           |    14 |       ||    14
         Tailslap          |    10 |     4 ||    14
         Whip              |     6 |       ||     6
         Staff             |    39 |       ||    39
         Short sword       |    20 |    13 ||    33
         Mace              |       |    34 ||    34
   Cast: Foxfire           |    39 |    18 ||    57
         Scorch            |     9 |    16 ||    25
   Stab: Distracted        |     1 |       ||     1
         Sleeping          |     1 |     1 ||     2
 Armour: Skin              |    36 |    36 ||    72
  Dodge: Dodged            |    76 |    64 ||   140
